 Dungeon Sprint DCSS version 0.17-a0-1504-gb7d9117 (webtiles) character file.

259 nuthulu the Fighter (level 6, -4/48 HPs)
             Began as a Gargoyle Fighter on July 8, 2015.
             Was an Initiate of Okawaru.
             Slain by a hill giant
             ... wielding a +0 giant club
              (21 damage)
             ... in the Dungeon (Sprint IX: "|||||||||||||||||||||||||||||").
             The game lasted 00:01:03 (264 turns).

nuthulu the Fighter (Gargoyle Fighter)               Turns: 264, Time: 00:01:03

Health: -4/48      AC: 17    Str: 25    XL:     6   Next: 17%
Magic:  6/6        EV:  7    Int:  8    God:    Okawaru [......]
Gold:   0          SH: 10    Dex: 12    Spells: 0 memorised, 5 levels left

rFire  . . .     SeeInvis .     p - +2 morningstar (protect)
rCold  . . .     Clarity  .     b - +0 scale mail
rNeg   + . .     SustAt   .     c - +0 shield
rPois  ∞         Gourm    .     q - +0 helmet
rElec  +         Spirit   .     (no cloak)
rCorr  .         Warding  .     (no gloves)
rMut   .         NoTele   +     (no boots)
MR     .....                    (no amulet)
Stlth  ..........               s - +3 ring of strength
                                r - +3 ring of dexterity

@: not resistant to hostile enchantments, extremely unstealthy
A: negative energy resistance 1, electricity resistance, unbreathing,
petrification resistance, rot immunity, AC +4
a: Renounce Religion


You were in the Dungeon.
You worshipped Okawaru.
Okawaru was noncommittal.
You were not hungry.

You visited 1 branch

Inventory:

Hand weapons
 a - a +0 flail
 p - a +2 morningstar of protection (weapon)
Armour
 b - a +0 scale mail (worn)
 c - a +0 shield (worn)
 q - a +0 helmet (worn)
Jewellery
 r - a +3 ring of dexterity (left hand)
 s - a +3 ring of strength (right hand)
Magical devices
 o - a wand of cold (7)
Scrolls
 k - 2 scrolls of blinking
 m - 3 scrolls of remove curse
 n - 2 scrolls of amnesia
Potions
 d - a potion of might
 f - 5 potions of curing
 h - a potion of haste
 i - 4 potions of magic
 j - a potion of invisibility
 l - 2 potions of heal wounds
Comestibles
 e - a bread ration
 g - 2 chunks of flesh


   Skills:
 + Level 9.9 Fighting
 + Level 8.7 Maces & Flails
 - Level 3.7 Armour
 - Level 3.9 Shields


You had 5 spell levels left.
You didn't know any spells.

Dungeon Overview and Level Annotations

Branches:
Dungeon (1/1)

Altars:
Cheibriados
Dithmenos
Elyvilon
Fedhas
Gozag
Kikubaaqudgha
Makhleb
Nemelex Xobeh
Okawaru
Qazlal
Ru
Sif Muna
Trog
Vehumet
Xom
Yredelemnul
Zin
The Shining One
Beogh
Jiyva
Lugonu


Innate Abilities, Weirdness & Mutations

You are resistant to torment.
Your stone body is resilient (AC +4).
You are immune to poison.
You resist negative energy.
You are resistant to electric shocks.
You can survive without breathing.
You are immune to petrification.
You are immune to rotting.


Message History

You barely miss the adder skeleton. You block the adder skeleton's attack.
The adder skeleton bites you but does no damage.
You hit the adder skeleton. You block the adder skeleton's attack.
You impale the adder skeleton!!
You destroy the adder skeleton!
Okawaru accepts your kill.
The hill giant hits you with a giant club.
There is an open door to the Dungeon, spattered with blood here.
Things that are here:
a scimitar; a plate armour; an orc corpse You bludgeon the hill giant!!
The hill giant is heavily wounded.
The hill giant barely misses you.
You hit the hill giant.
The hill giant is heavily wounded.
The hill giant hits you with a giant club.
You impale the hill giant!!
The hill giant is severely wounded.
The hill giant hits you with a giant club!!
You die...

▓+▓
▓.▓
▓.▓
▓n▓
▓5▓
▓c▓
▓C▓
▓@▓
▓.▓
▓.▓
▓[▓
▓.▓
▓[▓
▓)▓
▓|▓
▓.▓


You could see a hill giant, a necrophage, a centaur and a crimson imp.

Vanquished Creatures
  An ice beast (D)
  An orc warrior (D)
  An ogre (D)
  An adder skeleton (D)
  A bat zombie (D)
  3 hobgoblins (D)
  A kobold (D)
  2 bats (D)
  A rat (D)
12 creatures vanquished.

Notes
Turn   | Place    | Note
--------------------------------------------------------------
     0 | D        | nuthulu the Gargoyle Fighter began the quest for the Orb.
     0 | D        | Reached XP level 1. HP: 14/14 MP: 1/1
    15 | D        | Reached skill level 4 in Fighting
    84 | D        | Noticed an ogre
    84 | D        | Noticed an ice beast
    90 | D        | Killed an ice beast
    90 | D        | Reached skill level 7 in Fighting
    90 | D        | Reached XP level 2. HP: 24/24 MP: 2/2
    90 | D        | Reached XP level 3. HP: 28/28 MP: 3/3
    90 | D        | Reached XP level 4. HP: 34/34 MP: 4/4
    97 | D        | Killed an ogre
    97 | D        | Reached skill level 8 in Fighting
    97 | D        | Reached XP level 5. HP: 38/40 MP: 5/5
   190 | D        | Found a glowing silver altar of Zin.
   190 | D        | Found a glowing golden altar of the Shining One.
   190 | D        | Found an ancient bone altar of Kikubaaqudgha.
   190 | D        | Found a basalt altar of Yredelemnul.
   190 | D        | Found a shimmering altar of Xom.
   190 | D        | Found a radiant altar of Vehumet.
   191 | D        | Found an iron altar of Okawaru.
   192 | D        | Found a burning altar of Makhleb.
   193 | D        | Found a deep blue altar of Sif Muna.
   194 | D        | Found a bloodstained altar of Trog.
   195 | D        | Found a sparkling altar of Nemelex Xobeh.
   196 | D        | Found a white marble altar of Elyvilon.
   197 | D        | Found a roughly hewn altar of Beogh.
   198 | D        | Found a viscous altar of Jiyva.
   199 | D        | Became a worshipper of Warmaster Okawaru
   200 | D        | Found a corrupted altar of Lugonu.
   201 | D        | Found a blossoming altar of Fedhas.
   202 | D        | Found a snail-covered altar of Cheibriados.
   203 | D        | Found a shadowy altar of Dithmenos.
   204 | D        | Found a stormy altar of Qazlal.
   205 | D        | Found an opulent altar of Gozag.
   206 | D        | Found a sacrificial altar of Ru.
   250 | D        | Noticed a necrophage
   250 | D        | Noticed a hill giant
   250 | D        | Noticed a crimson imp
   250 | D        | Noticed a centaur
   250 | D        | Noticed an orc warrior
   256 | D        | Killed an orc warrior
   256 | D        | Reached skill level 9 in Fighting
   256 | D        | Reached XP level 6. HP: 26/48 MP: 6/6
   264 | D        | Slain by a hill giant

Vault maps used:
D:        linesprint

Action                   |  1- 3 |  4- 6 || total
-------------------------+-------+-------++-------
Melee: Flail             |    18 |     7 ||    25
       Morningstar       |       |    13 ||    13
  Use: Potion            |     2 |       ||     2
